General information
- name: BNet
- type: Ladder team game (AT/RT)
- host: Battle.net
- saver: Warcrack2015
map: Battleground
- players: 8
- length: 40:32
- speed: Fast
- version: 1.26 W3XP
- replay type: Public
» download(307 KB)
Players
team 1 (loser)

»
fag.killer (
green | 107 APM | 4040 actions | 37:49)
7 Blademaster
3 Wind Walk
3 Critical Strike
1 Bladestorm
» actions
| Assign group hotkey | 20 | |
| Basic commands | 371 | |
| Build / train | 68 | |
| Enter build submenu | 26 | |
| Enter hero's abilities submenu | 7 | |
| Give item / drop item | 1 | |
| Right click | 1171 | |
| Select / deselect | 452 | |
| Select group hotkey | 1791 | |
| Use ability | 133 | |
4040 total
» units
| Peon | 10 | |
| Wind Rider | 7 | |
| Raider | 4 | |
| Shaman | 3 | |
| Tauren | 5 | |
29 total
» upgrades
| Spiked Barricades | 1 | |
| Armor | 3 | |
| Ranged Weapons | 1 | |
| Shaman Training | 2 | |
| Pulverize | 1 | |
| Reinforced Defenses | 1 | |
| Melee Weapons | 1 | |
| Ensnare | 1 | |
11 total
» buildings
| Orc Burrow | 6 | |
| Altar of Storms | 1 | |
| Voodoo Lounge | 1 | |
| War Mill | 3 | |
| Stronghold | 3 | |
| Barracks | 1 | |
| Watch Tower | 4 | |
| Beastiary | 3 | |
| Fortress | 1 | |
| Spirit Lodge | 1 | |
| Tauren Totem | 3 | |
| Great Hall | 1 | |
28 total
» build order
00:07 Orc Burrow
00:11 Altar of Storms
01:08 Voodoo Lounge
02:02 War Mill
02:31 Stronghold
02:31 Stronghold
02:31 Stronghold
02:50 Barracks
03:05 Orc Burrow
03:55 Watch Tower
03:58 Watch Tower
05:08 Beastiary
05:10 Beastiary
05:23 Watch Tower
05:34 Watch Tower
06:33 Orc Burrow
06:42 Orc Burrow
09:35 Fortress
11:39 Orc Burrow
11:40 Spirit Lodge
11:59 Tauren Totem
13:00 War Mill
15:00 War Mill
16:28 Tauren Totem
16:31 Tauren Totem
16:34 Beastiary
23:13 Orc Burrow
26:24 Great Hall
» items
| Healing Salve | 6 | |
| Lesser Clarity Potion | 5 | |
| Orb of Lightning | 1 | |
| Potion of Healing | 2 | |
| Scroll of Town Portal | 1 | |
15 total
StayFrozty (
orange | 21 APM | 846 actions | 40:28)
2 Paladin
1 Divine Shield
1 Devotion Aura
» actions
| Assign group hotkey | 12 | |
| Build / train | 59 | |
| Enter build submenu | 25 | |
| Enter hero's abilities submenu | 2 | |
| Remove unit from queue | 2 | |
| Right click | 266 | |
| Select / deselect | 276 | |
| Select group hotkey | 171 | |
| Use ability | 33 | |
846 total
» units
» upgrades
| Lumber Harvesting | 2 | |
| Masonry | 1 | |
| Gunpowder | 2 | |
| Plating | 1 | |
| Barrage | 1 | |
7 total
» buildings
| Lumber Mill | 1 | |
| Scout Tower | 6 | |
| Keep | 2 | |
| Arcane Tower | 1 | |
| Guard Tower | 5 | |
| Altar of Kings | 1 | |
| Farm | 8 | |
| Castle | 1 | |
| Blacksmith | 1 | |
| Workshop | 5 | |
31 total
» build order
01:00 Lumber Mill
01:10 Scout Tower
01:33 Keep
01:34 Keep
01:38 Scout Tower
01:45 Scout Tower
01:58 Scout Tower
02:14 Arcane Tower
02:33 Guard Tower
02:53 Scout Tower
03:04 Scout Tower
03:06 Guard Tower
03:24 Guard Tower
03:48 Altar of Kings
04:24 Farm
04:34 Guard Tower
05:07 Farm
05:32 Castle
05:36 Guard Tower
05:59 Blacksmith
06:56 Workshop
07:02 Workshop
07:44 Workshop
09:37 Farm
09:40 Farm
10:32 Farm
12:31 Workshop
12:37 Workshop
12:45 Farm
15:40 Farm
17:08 Farm
Genghis_Moon (
blue | 48 APM | 1834 actions | 38:27)
10 Demon Hunter
3 Immolation
3 Evasion
1 Metamorphosis
3 Mana Burn
» actions
| Assign group hotkey | 33 | |
| Basic commands | 13 | |
| Build / train | 65 | |
| Enter build submenu | 45 | |
| Enter hero's abilities submenu | 9 | |
| Remove unit from queue | 3 | |
| Right click | 618 | |
| Select / deselect | 399 | |
| Select group hotkey | 532 | |
| Use ability | 117 | |
1834 total
» units
| Wisp | 18 | |
| Archer | 7 | |
| Hippogryph | 3 | |
| Huntress | 14 | |
42 total
» upgrades
| Hippogryph Taming | 1 | |
| Strength of the Moon | 1 | |
| Improved Bows | 1 | |
| Moon Armor | 1 | |
4 total
» buildings
| Altar of Elders | 2 | |
| Moon Well | 25 | |
| Ancient of War | 5 | |
| Hunter's Hall | 1 | |
| Tree of Ages | 3 | |
| Tree of Life | 3 | |
| Ancient of Wind | 3 | |
| Ancient Protector | 2 | |
44 total
» build order
00:07 Altar of Elders
00:08 Moon Well
01:56 Ancient of War
02:02 Ancient of War
02:08 Hunter's Hall
02:14 Moon Well
03:38 Moon Well
05:00 Tree of Ages
05:09 Moon Well
07:17 Tree of Life
07:38 Ancient of Wind
07:40 Ancient of Wind
07:42 Ancient of Wind
10:01 Moon Well
10:23 Moon Well
13:09 Tree of Life
17:04 Ancient of War
17:07 Ancient of War
17:10 Ancient of War
18:50 Moon Well
18:53 Moon Well
18:56 Moon Well
19:49 Moon Well
20:02 Altar of Elders
22:24 Tree of Ages
26:36 Moon Well
26:44 Moon Well
26:48 Moon Well
28:50 Moon Well
28:51 Moon Well
28:53 Moon Well
29:03 Moon Well
29:04 Moon Well
29:05 Moon Well
29:06 Moon Well
29:08 Moon Well
29:09 Moon Well
29:10 Moon Well
29:25 Moon Well
29:28 Moon Well
30:43 Ancient Protector
30:46 Ancient Protector
33:01 Tree of Life
35:07 Tree of Ages
Philosophos (
yellow | 48 APM | 1827 actions | 38:23)
9 Goblin Tinker
3 Pocket Factory
3 Engineering Upgrade
1 Robo-Goblin
2 Cluster Rockets
» actions
| Basic commands | 1010 | |
| Build / train | 97 | |
| ESC pressed | 7 | |
| Enter build submenu | 31 | |
| Enter hero's abilities submenu | 9 | |
| Give item / drop item | 2 | |
| Remove unit from queue | 3 | |
| Right click | 15 | |
| Select / deselect | 561 | |
| Use ability | 92 | |
1827 total
» units
| Peasant | 26 | |
| Rifleman | 12 | |
| Priest | 4 | |
| Spell Breaker | 2 | |
| Mortar Team | 1 | |
| Flying Machine | 11 | |
56 total
» upgrades
| Gunpowder | 1 | |
| Masonry | 3 | |
| Armor | 1 | |
| Magic Sentry | 1 | |
| Control Magic | 1 | |
| Long Rifles | 1 | |
| Flak Cannons | 1 | |
9 total
» buildings
| Altar of Kings | 1 | |
| Farm | 14 | |
| Barracks | 1 | |
| Blacksmith | 1 | |
| Arcane Vault | 1 | |
| Lumber Mill | 1 | |
| Scout Tower | 5 | |
| Arcane Tower | 3 | |
| Keep | 1 | |
| Guard Tower | 2 | |
| Castle | 1 | |
| Arcane Sanctum | 1 | |
| Town Hall | 2 | |
| Workshop | 1 | |
35 total
» build order
00:15 Altar of Kings
00:23 Farm
00:57 Barracks
01:09 Farm
01:36 Farm
01:57 Farm
02:29 Blacksmith
03:16 Farm
03:36 Farm
04:33 Arcane Vault
05:27 Lumber Mill
05:57 Scout Tower
06:33 Arcane Tower
06:41 Farm
07:35 Keep
07:44 Farm
08:27 Scout Tower
09:15 Guard Tower
11:22 Farm
11:25 Castle
11:32 Arcane Sanctum
14:44 Scout Tower
16:44 Arcane Tower
17:04 Farm
17:49 Scout Tower
18:26 Farm
18:57 Farm
19:36 Arcane Tower
20:28 Town Hall
21:31 Scout Tower
22:05 Farm
22:07 Guard Tower
23:09 Workshop
23:15 Farm
32:45 Town Hall
» items
| Lesser Clarity Potion | 2 | |
| Scroll of Regeneration | 3 | |
| Scroll of Town Portal | 3 | |
| Potion of Healing | 3 | |
| Scroll of Speed | 1 | |
12 total
team 2 (winner)
IDGAF (
purple | 75 APM | 3030 actions | 40:29)
8 Mountain King
3 Storm Bolt
3 Bash
1 Thunder Clap
1 Avatar
» actions
| Assign group hotkey | 32 | |
| Basic commands | 11 | |
| Build / train | 86 | |
| ESC pressed | 8 | |
| Enter build submenu | 60 | |
| Enter hero's abilities submenu | 9 | |
| Give item / drop item | 4 | |
| Remove unit from queue | 2 | |
| Right click | 1199 | |
| Select / deselect | 709 | |
| Select group hotkey | 736 | |
| Use ability | 174 | |
3030 total
» units
| Peasant | 14 | |
| Footman | 11 | |
| Forest Troll Shadow Priest | 1 | |
| Rifleman | 4 | |
| Knight | 11 | |
41 total
» upgrades
| Defend | 1 | |
| Masonry | 3 | |
| Lumber Harvesting | 2 | |
| Animal War Training | 1 | |
| Swords | 2 | |
| Plating | 2 | |
11 total
» buildings
| Barracks | 4 | |
| Farm | 22 | |
| Altar of Kings | 1 | |
| Scout Tower | 9 | |
| Arcane Tower | 1 | |
| Lumber Mill | 2 | |
| Arcane Vault | 7 | |
| Keep | 1 | |
| Guard Tower | 4 | |
| Blacksmith | 1 | |
| Castle | 1 | |
| Arcane Sanctum | 1 | |
| Town Hall | 1 | |
55 total
» build order
00:13 Barracks
00:16 Farm
00:28 Altar of Kings
00:40 Farm
00:50 Farm
01:42 Scout Tower
01:59 Farm
02:11 Arcane Tower
02:25 Lumber Mill
02:58 Arcane Vault
03:54 Farm
04:29 Scout Tower
05:17 Keep
05:19 Guard Tower
06:41 Blacksmith
06:46 Farm
07:30 Farm
08:24 Castle
08:27 Barracks
09:38 Arcane Sanctum
10:34 Farm
11:53 Farm
11:55 Farm
13:12 Arcane Vault
13:59 Farm
14:00 Farm
17:27 Barracks
17:32 Arcane Vault
17:36 Farm
17:37 Farm
17:38 Farm
19:17 Barracks
19:20 Farm
20:51 Farm
21:26 Lumber Mill
21:32 Arcane Vault
21:55 Farm
21:58 Farm
22:46 Farm
23:02 Scout Tower
23:04 Scout Tower
23:34 Guard Tower
23:39 Arcane Vault
23:39 Farm
24:13 Arcane Vault
25:24 Farm
28:20 Town Hall
29:06 Scout Tower
29:06 Scout Tower
29:25 Scout Tower
29:25 Scout Tower
29:47 Guard Tower
30:03 Arcane Vault
30:19 Guard Tower
30:24 Scout Tower
» items
| Scroll of Regeneration | 5 | |
| Lesser Clarity Potion | 2 | |
| Boots of Speed | 1 | |
| Scroll of Town Portal | 4 | |
| Orb of Fire | 1 | |
| Staff of Teleportation | 1 | |
| Potion of Lesser Invulnerability | 1 | |
| Staff of Sanctuary | 1 | |
16 total
Uninstall.Newbs (
red | 35 APM | 1103 actions | 31:38)
2 Blood Mage
1 Siphon Mana
1 Flame Strike
» actions
| Basic commands | 113 | |
| Build / train | 80 | |
| Enter build submenu | 14 | |
| Enter hero's abilities submenu | 2 | |
| Remove unit from queue | 3 | |
| Right click | 491 | |
| Select / deselect | 338 | |
| Use ability | 62 | |
1103 total
» units
| Peasant | 11 | |
| Mortar Team | 6 | |
| Siege Engine | 32 | |
49 total
» upgrades
| Gunpowder | 3 | |
| Armor | 2 | |
| Lumber Harvesting | 1 | |
| Flare | 1 | |
| Fragmentation Shards | 1 | |
| Barrage | 1 | |
| Plating | 2 | |
11 total
» buildings
| Altar of Kings | 1 | |
| Farm | 7 | |
| Lumber Mill | 1 | |
| Scout Tower | 1 | |
| Arcane Tower | 1 | |
| Keep | 2 | |
| Blacksmith | 1 | |
| Castle | 1 | |
| Workshop | 3 | |
18 total
» build order
00:38 Altar of Kings
00:52 Farm
01:08 Lumber Mill
01:31 Farm
01:48 Scout Tower
02:22 Arcane Tower
03:04 Keep
03:04 Keep
03:18 Blacksmith
03:24 Farm
03:30 Farm
04:33 Farm
05:10 Farm
05:26 Castle
05:33 Workshop
05:36 Workshop
05:41 Workshop
05:51 Farm
» items
| Scroll of Town Portal | 2 | |
| Boots of Speed | 1 | |
| Scroll of Protection | 3 | |
| Scroll of Regeneration | 1 | |
| Circlet of Nobility | 1 | |
8 total
Warcrack2015 (
teal | 61 APM | 2462 actions | 40:32)
8 Blood Mage
3 Flame Strike
3 Siphon Mana
1 Summon Phoenix
1 Banish
» actions
| Assign group hotkey | 76 | |
| Basic commands | 68 | |
| Build / train | 109 | |
| Enter build submenu | 76 | |
| Enter hero's abilities submenu | 8 | |
| Give item / drop item | 6 | |
| Remove unit from queue | 1 | |
| Right click | 1052 | |
| Select / deselect | 492 | |
| Select group hotkey | 385 | |
| Use ability | 188 | |
2462 total
» units
| Peasant | 14 | |
| Footman | 4 | |
| Dragonhawk Rider | 8 | |
| Sorceress | 2 | |
| Gryphon Rider | 4 | |
32 total
» upgrades
| Lumber Harvesting | 2 | |
| Masonry | 3 | |
| Sorceress Training | 1 | |
| Magic Sentry | 1 | |
| Cloud | 1 | |
| Swords | 3 | |
| Armor | 3 | |
| Animal War Training | 1 | |
| Storm Hammers | 1 | |
| Gunpowder | 1 | |
| Plating | 1 | |
| Barrage | 1 | |
| Fragmentation Shards | 1 | |
| Flare | 1 | |
| Flak Cannons | 1 | |
22 total
» buildings
| Altar of Kings | 2 | |
| Barracks | 1 | |
| Farm | 12 | |
| Scout Tower | 53 | |
| Keep | 1 | |
| Arcane Vault | 3 | |
| Arcane Tower | 2 | |
| Lumber Mill | 2 | |
| Guard Tower | 19 | |
| Arcane Sanctum | 1 | |
| Gryphon Aviary | 4 | |
| Town Hall | 3 | |
| Castle | 1 | |
| Blacksmith | 2 | |
| Workshop | 5 | |
111 total
» build order
00:36 Altar of Kings
00:51 Altar of Kings
00:53 Barracks
00:56 Farm
01:05 Farm
01:07 Farm
01:37 Farm
03:23 Scout Tower
03:25 Keep
03:42 Arcane Vault
03:58 Arcane Tower
04:40 Lumber Mill
04:57 Scout Tower
04:57 Scout Tower
04:59 Scout Tower
05:00 Scout Tower
06:14 Guard Tower
07:29 Arcane Sanctum
07:36 Gryphon Aviary
08:21 Farm
08:25 Scout Tower
08:26 Scout Tower
09:19 Arcane Tower
09:20 Guard Tower
10:11 Town Hall
10:13 Scout Tower
10:13 Scout Tower
10:14 Scout Tower
10:46 Guard Tower
10:53 Scout Tower
10:53 Scout Tower
10:54 Scout Tower
10:54 Scout Tower
10:55 Scout Tower
10:57 Scout Tower
10:57 Scout Tower
11:25 Castle
11:47 Guard Tower
11:47 Guard Tower
11:55 Guard Tower
11:58 Guard Tower
14:00 Gryphon Aviary
14:00 Gryphon Aviary
15:10 Arcane Vault
17:03 Blacksmith
17:05 Blacksmith
22:31 Lumber Mill
24:22 Scout Tower
24:22 Scout Tower
24:27 Scout Tower
24:27 Scout Tower
24:28 Scout Tower
24:29 Scout Tower
24:29 Scout Tower
24:30 Scout Tower
24:31 Scout Tower
24:31 Scout Tower
24:33 Scout Tower
24:33 Scout Tower
25:14 Guard Tower
25:21 Guard Tower
27:49 Guard Tower
30:51 Town Hall
30:55 Scout Tower
30:55 Scout Tower
30:55 Scout Tower
30:56 Scout Tower
31:01 Scout Tower
31:07 Scout Tower
31:07 Scout Tower
31:08 Scout Tower
31:08 Scout Tower
31:12 Scout Tower
31:13 Scout Tower
31:33 Guard Tower
31:51 Guard Tower
31:51 Guard Tower
31:51 Guard Tower
31:59 Guard Tower
32:07 Gryphon Aviary
32:24 Farm
32:25 Farm
32:26 Farm
32:28 Farm
32:29 Farm
32:30 Farm
32:30 Farm
32:38 Arcane Vault
33:10 Guard Tower
33:23 Guard Tower
33:27 Scout Tower
33:29 Scout Tower
33:30 Scout Tower
33:32 Scout Tower
34:19 Workshop
34:22 Workshop
34:23 Workshop
34:25 Workshop
34:29 Workshop
34:33 Guard Tower
35:28 Guard Tower
40:01 Town Hall
40:05 Scout Tower
40:05 Scout Tower
40:06 Scout Tower
40:06 Scout Tower
40:09 Scout Tower
40:20 Scout Tower
40:20 Scout Tower
40:20 Scout Tower
» items
| Staff of Teleportation | 1 | |
| Potion of Invisibility | 6 | |
| Potion of Healing | 4 | |
| Scroll of Regeneration | 4 | |
| Scroll of Town Portal | 1 | |
| Mechanical Critter | 3 | |
| Lesser Clarity Potion | 2 | |
| Potion of Mana | 1 | |
22 total
dannytaki (
pink | 89 APM | 3607 actions | 40:29)
5 Mountain King
3 Storm Bolt
2 Bash
3 Paladin
2 Holy Light
1 Divine Shield
» actions
| Assign group hotkey | 86 | |
| Basic commands | 111 | |
| Build / train | 132 | |
| ESC pressed | 4 | |
| Enter build submenu | 66 | |
| Enter hero's abilities submenu | 8 | |
| Give item / drop item | 2 | |
| Right click | 2061 | |
| Select / deselect | 521 | |
| Select group hotkey | 462 | |
| Use ability | 154 | |
3607 total
» units
| Peasant | 31 | |
| Footman | 11 | |
| Forest Troll Shadow Priest | 1 | |
| Sorceress | 4 | |
| Rifleman | 4 | |
| Knight | 5 | |
| Priest | 2 | |
58 total
» upgrades
| Defend | 1 | |
| Priest Training | 1 | |
| Lumber Harvesting | 1 | |
| Masonry | 2 | |
5 total
» buildings
| Altar of Kings | 2 | |
| Barracks | 1 | |
| Farm | 8 | |
| Scout Tower | 31 | |
| Arcane Tower | 2 | |
| Arcane Vault | 3 | |
| Lumber Mill | 1 | |
| Keep | 1 | |
| Guard Tower | 29 | |
| Gryphon Aviary | 1 | |
| Arcane Sanctum | 1 | |
| Blacksmith | 2 | |
| Town Hall | 4 | |
| Castle | 1 | |
87 total
» build order
00:08 Altar of Kings
00:12 Altar of Kings
00:22 Barracks
00:36 Farm
01:21 Farm
01:47 Farm
02:34 Scout Tower
03:04 Arcane Tower
03:04 Arcane Tower
03:06 Arcane Vault
03:10 Farm
04:02 Lumber Mill
04:25 Keep
06:17 Farm
06:18 Scout Tower
06:21 Farm
06:44 Farm
07:05 Guard Tower
07:36 Scout Tower
07:56 Scout Tower
08:20 Guard Tower
08:48 Guard Tower
08:48 Guard Tower
08:49 Scout Tower
09:07 Scout Tower
09:20 Scout Tower
09:45 Scout Tower
10:08 Scout Tower
10:10 Scout Tower
10:12 Guard Tower
10:12 Guard Tower
10:30 Scout Tower
11:27 Guard Tower
11:40 Scout Tower
12:00 Scout Tower
12:03 Guard Tower
12:07 Scout Tower
12:45 Guard Tower
12:59 Guard Tower
12:59 Guard Tower
14:46 Scout Tower
15:30 Guard Tower
16:43 Gryphon Aviary
17:05 Arcane Sanctum
17:17 Blacksmith
17:25 Blacksmith
18:02 Scout Tower
18:03 Scout Tower
18:04 Scout Tower
18:13 Scout Tower
18:17 Scout Tower
18:19 Scout Tower
18:54 Scout Tower
19:35 Town Hall
20:02 Guard Tower
20:02 Guard Tower
20:03 Guard Tower
20:03 Guard Tower
20:17 Guard Tower
20:47 Guard Tower
20:47 Guard Tower
21:07 Guard Tower
22:53 Castle
22:55 Scout Tower
22:57 Scout Tower
28:33 Arcane Vault
28:57 Farm
28:59 Scout Tower
29:49 Guard Tower
29:54 Scout Tower
30:25 Scout Tower
30:27 Guard Tower
30:27 Guard Tower
30:59 Guard Tower
31:17 Scout Tower
31:23 Scout Tower
31:24 Scout Tower
31:28 Scout Tower
32:43 Guard Tower
38:41 Arcane Vault
39:44 Town Hall
39:52 Town Hall
40:24 Town Hall
» items
| Scroll of Regeneration | 9 | |
| Lesser Clarity Potion | 4 | |
| Ivory Tower | 2 | |
| Scroll of Town Portal | 5 | |
| Potion of Healing | 3 | |
| Staff of Sanctuary | 1 | |
24 total
Chat log
(01:29 / Allies) Warcrack2015: human is master race
(02:02 / Allies) Uninstall.Newbs: must be on a heavy narcotic to make you think that
(02:16 / Allies) Uninstall.Newbs: doing drugs teal?
(02:23 / Allies) Warcrack2015: What do you mean?
(02:29 / Allies) Warcrack2015: Human is the supreme warcraft race
(02:38 / Allies) Uninstall.Newbs: your state of mind right now
(02:55 / Allies) Uninstall.Newbs: you on drugs?
(04:05 / All) Warcrack2015: yellow is retarded
(04:32 / All) Warcrack2015: go creep you moron
(04:49 / Allies) Warcrack2015: I love it I'd be level 3 by now
(04:58 / All) fag.killer: damn
(05:08 / Allies) Warcrack2015: can't militia creep cuz iof this fucking moron
(05:31 / Allies) IDGAF: coming teal
(05:33 / Allies) Warcrack2015: don't
(05:36 / Allies) Warcrack2015: I'm militia creep it
(05:39 / Allies) IDGAF: need boots anyways
(05:45 / Allies) Warcrack2015: I'm leaving
(05:51 / Allies) IDGAF: god
(05:53 / Allies) IDGAF: such a fag
(06:06 / Allies) Warcrack2015: I'm trying to get to level 3
(06:12 / Allies) IDGAF: oh im not?
(06:19 / Allies) Warcrack2015: Well creep by yourself
(06:25 / Allies) IDGAF: i did
(06:28 / Allies) IDGAF: and i needed boiots
(07:57 / Allies) IDGAF: siege at orange
(08:52 / Allies) dannytaki: HELP E
(08:53 / Allies) dannytaki: HELP ME
(08:57 / Allies) IDGAF: no aa
(09:00 / Allies) Warcrack2015: no one has aa
(10:44 / Allies) dannytaki: GIVE ME GOLD
(11:39 / Allies) Warcrack2015: try not to draw them to my expo
(11:45 / Allies) Warcrack2015: till I get towers
(12:15 / Allies) dannytaki: gold please
(12:16 / Allies) dannytaki: gold please
(13:05 / All) Uninstall.Newbs: damn My team sucks
(13:12 / All) Uninstall.Newbs: bunch of defense newbs
(13:23 / Allies) IDGAF: idiot team
(13:27 / Allies) IDGAF: we;re all idiots
(13:33 / All) Uninstall.Newbs: My team suck dick
(14:21 / All) Uninstall.Newbs: I always carry newbs
(14:23 / Allies) IDGAF: teal the biggest idiot
(14:26 / Allies) IDGAF: pop 30 with an expo
(14:40 / Allies) Warcrack2015: how about red not having tanks upgraded
(14:45 / All) Uninstall.Newbs: My team sucks big dick
(14:54 / Allies) IDGAF: thats dumb too
(15:26 / Allies) IDGAF: 2v1 here again
(16:04 / Allies) IDGAF: you guys fucking blow balls
(16:38 / All) Uninstall.Newbs: I always carry newbs
(17:04 / Allies) IDGAF: give me mana
(17:19 / Allies) IDGAF: a heal and ill roll
(18:02 / Allies) Warcrack2015: let's hit orange purple
(18:53 / Allies) IDGAF: dust it
(19:03 / All) Warcrack2015: I love warcrafts pathfinding
(20:01 / Allies) IDGAF: im gonna lose my main
(20:08 / Allies) Warcrack2015: ,mass repair
(20:11 / Allies) Warcrack2015: mass repair right now
(20:16 / Allies) Uninstall.Newbs: because you blow
(20:19 / Allies) Uninstall.Newbs: sit more
(20:35 / Allies) IDGAF: gold
(22:51 / All) Warcrack2015: didn't know that hawk was there
(23:05 / All) Uninstall.Newbs: damn, teal blows
(23:12 / All) Uninstall.Newbs: teal is the worse
(23:18 / All) Warcrack2015: lawl
(23:19 / All) Warcrack2015: what
(23:19 / Allies) dannytaki: teal give me godl
(23:28 / Allies) IDGAF: lol
(23:29 / All) Uninstall.Newbs: 4000 gold
(23:29 / Allies) IDGAF: gold me
(23:29 / All) Warcrack2015: you guys insult me then want gold
(23:36 / All) Uninstall.Newbs: teal sucks dick
(23:42 / Allies) IDGAF: we all suck dick
(23:45 / All) StayFrozty: lol
(23:53 / All) StayFrozty: i wish i had 4000 gold
(25:28 / All) Uninstall.Newbs: always having to carry newbs
(25:34 / All) Uninstall.Newbs: ridiculous
(25:45 / All) Warcrack2015: yeah a moving tanks not even intelligently is talent
(26:05 / All) Uninstall.Newbs: needed skills to build it
(26:22 / All) Uninstall.Newbs: dumbass
(26:37 / All) Uninstall.Newbs: can't build a tank with out skills
(26:45 / All) Warcrack2015: lawl
(26:46 / All) Uninstall.Newbs: damn kid, you were born stupid
(26:50 / All) Warcrack2015: like they teach in the tutorial
(27:01 / All) Warcrack2015: you don't even have good map awareness
(27:03 / All) Uninstall.Newbs: then again, you were born stupid
(27:07 / All) Uninstall.Newbs: fetus boy
(27:19 / All) Warcrack2015: get his farm not the expo lel
(27:21 / All) Uninstall.Newbs: you are but a fetus
(27:47 / Allies) IDGAF: teal helop
(27:52 / Allies) IDGAF: cant let red die
(28:36 / All) Uninstall.Newbs: see, how I carry newbs all the time
(28:41 / All) Uninstall.Newbs: these newbs are but fetuses
(28:48 / All) Uninstall.Newbs: unborn children
(29:14 / Allies) IDGAF: teal give me gold to tower expo please
(29:26 / Allies) Warcrack2015: Give your opinion on red
(29:41 / Allies) IDGAF: talks a lot of shit for someone who solos all game
(29:46 / All) Uninstall.Newbs: lucky I carried you unborn fetus child
(29:57 / Allies) Warcrack2015: lol
(30:00 / Allies) IDGAF: was good though
(30:22 / All) Warcrack2015: tanks are for scrubs
(30:25 / All) Warcrack2015: they're 50% units
(30:33 / Allies) IDGAF: god damnit
(30:36 / All) Warcrack2015: leave my shop alone fella
(31:29 / Allies) IDGAF: teal holy shit, do something
(31:32 / Allies) IDGAF: like that
(31:34 / Allies) IDGAF: thanks
(31:41 / All) Warcrack2015: lel
(31:56 / Allies) Warcrack2015: just don't let them expo and they can't win
(32:46 / All) Warcrack2015: tanks are for 50% players
(33:04 / All) Warcrack2015: they can neutralize great players but they can get owned by scrubs
(33:07 / All) Warcrack2015: all chance
(33:59 / Allies) IDGAF: tp?
(34:04 / Allies) dannytaki: np
(34:05 / Allies) dannytaki: no
(34:06 / Allies) dannytaki: reveal
(34:08 / Allies) dannytaki: here please
(35:21 / Allies) IDGAF: teal you're gonna need to make units
(35:24 / Allies) IDGAF: cant be in no upkeep
(35:30 / Allies) IDGAF: they have 3 big armies
(35:41 / Allies) IDGAF: and me and pink are spent
(36:05 / Allies) dannytaki: teal can u give me gold
(36:28 / Allies) dannytaki: can anyone give me a reveal in my base'
(36:31 / Allies) dannytaki: i have a sentry i think
(36:34 / Allies) dannytaki: come tp
(36:37 / Allies) IDGAF: nope
(36:41 / Allies) IDGAF: leave it
(36:42 / Allies) IDGAF: fight at teal
(36:55 / Allies) IDGAF: OR TEAL TP
(36:56 / Allies) Warcrack2015: I can reveal
(38:02 / All) Warcrack2015: remember guys ain't over till fat lady sings
(38:07 / Allies) dannytaki: use
(38:30 / All) dannytaki: hahahah
(38:32 / All) dannytaki: we owned u
(38:37 / 5) Warcrack2015: stay
(38:40 / 5) Warcrack2015: I bs
(38:50 / 5) Warcrack2015: I team kill
(38:57 / Allies) IDGAF: ok teal, go finish them the fuck off
(39:13 / Allies) dannytaki: teal
(39:14 / Allies) dannytaki: gimmie gold
(39:15 / Allies) dannytaki: man
(40:06 / All) dannytaki: cant believe we won this
(40:12 / Allies) IDGAF: MAKE FUCKINGS UNITS TEAL
(40:13 / All) dannytaki: teal has 8k gold lol
(40:19 / Allies) IDGAF: quit expoing